 Dungeon Crawl Stone Soup version 0.19.1-1-g22dce08 (webtiles) character file.

84 Peloso the Slasher (level 4, -4/37 HPs)
             Began as a Ghoul Gladiator on Dec 31, 2016.
             Was an Initiate of Okawaru.
             Slain by a gnoll
             ... wielding a +0 spear
              (6 damage)
             ... on level 3 of the Dungeon.
             The game lasted 00:04:36 (1817 turns).

Peloso the Slasher (Ghoul Gladiator)                Turns: 1817, Time: 00:04:37

Health: -4/37      AC:  4    Str: 18    XL:     4   Next: 45%
Magic:  3/3        EV: 12    Int:  3    God:    Okawaru [......]
Gold:   154        SH:  0    Dex: 10    Spells: 0 memorised, 3 levels left

rFire  . . .     SeeInvis .     a - +0 long sword
rCold  + . .     Gourm    .     b - +0 leather armour
rNeg   + + +     Faith    .     (no shield)
rPois  ∞         Spirit   .     c - +0 helmet
rElec  .         Reflect  .     (no cloak)
rCorr  .         Harm     .     (no gloves)
MR     .....                    (no boots)
Stlth  +.........               (no amulet)
                                (no ring)
                                (no ring)

@: rotting
A: rotting body, claws 1, carnivore 3, cold resistance 1, negative energy
resistance 3, slow regeneration 1, torment resistance, unbreathing
a: Renounce Religion


You were on level 3 of the Dungeon.
You worshipped Okawaru.
Okawaru was noncommittal.
You were not hungry.

You visited 1 branch of the dungeon, and saw 3 of its levels.

You collected 154 gold pieces.

Inventory:

Hand Weapons
 a - a +0 long sword (weapon)
Missiles
 d - 4 throwing nets (quivered)
Armour
 b - a +0 leather armour (worn)
 c - a +0 helmet (worn)
Jewellery
 s - an uncursed ring of poison resistance {unknown}
Scrolls
 e - 2 scrolls of identify
 i - a scroll of fog {unknown}
 l - 2 scrolls of teleportation {unknown}
 m - a scroll of remove curse {unknown}
 p - a scroll of recharging {unknown}
 q - a scroll of amnesia {unknown}
Potions
 g - a potion of invisibility {unknown}
 h - a potion of agility
 j - a potion of curing
 k - a potion of haste
 n - 2 potions of flight {unknown}
 o - a potion of berserk rage {unknown}
Comestibles
 f - a meat ration
 r - a beef jerky


   Skills:
 + Level 2.9 Fighting
 + Level 3.4 Long Blades
 + Level 1.7 Throwing
 + Level 1.0 Armour
 + Level 3.4 Dodging


You had 3 spell levels left.
You didn't know any spells.

Dungeon Overview and Level Annotations

Branches:
Dungeon (3/15)

Altars:
Nemelex Xobeh
Okawaru
Ru
Uskayaw


Innate Abilities, Weirdness & Mutations

Your body is rotting away.
You thrive on raw meat.
You are immune to poison.
You have sharp fingernails.
You are carnivorous and can eat meat at any time.
Your flesh is cold resistant. (rC+)
You are immune to negative energy. (rN+++)
You regenerate slowly when monsters are visible.
You are immune to unholy pain and torment.
You can survive without breathing.


Message History

The gnoll is moderately wounded.
The gnoll hits you with a spear.
The gnoll hits you from afar with a spear.
You slash the gnoll!
The gnoll is almost dead.
The gnoll misses you.
The gnoll hits you from afar with a spear.
The gnoll hits you but does no damage.
You hit the gnoll but do no damage.
The gnoll is almost dead.
The gnoll closely misses you. The gnoll hits you with a spear.
You hit the gnoll but do no damage.
The gnoll is almost dead.
The gnoll hits you from afar with a spear.
The gnoll hits you with a spear!
* * * LOW HITPOINT WARNING * * *
The gnoll hits you from afar with a spear.
* * * LOW HITPOINT WARNING * * *
The gnoll hits you with a spear.
You die...

#########
#.......#
#.......#
#.......########
#.......(......
#.......##...
#...g.)..#.# #.#
#...@.....<# #.#
######g....# #.#
#.###..# #.#
##.# ##.... #.#
#####..# ####
#.###.....##
#..##g#####
####).g..#
##....g####


You could see 2 gnolls.

Vanquished Creatures
  2 gnolls
  2 adders (D:2)
  A worm (D:2)
  4 leopard geckos
  An orc (D:3)
  3 giant cockroaches
  A goblin (D:2)
  5 hobgoblins
  3 jackals (D:2)
  A quokka (D:2)
  4 bats
  4 frilled lizards
  6 kobolds
  2 rats
39 creatures vanquished.

Notes
Turn   | Place    | Note
-------+----------+-------------------------------------------
     0 | D:1      | Peloso the Ghoul Gladiator began the quest for the Orb.
     0 | D:1      | Reached XP level 1. HP: 17/17 MP: 0/0
   225 | D:1      | Reached XP level 2. HP: 6/23 MP: 1/1
   674 | D:2      | Reached XP level 3. HP: 20/30 MP: 2/2
   681 | D:2      | Found a sparkling altar of Nemelex Xobeh.
   814 | D:2      | Found an iron altar of Okawaru.
   833 | D:2      | Became a worshipper of Warmaster Okawaru
  1019 | D:2      | Found a sacrificial altar of Ru.
  1112 | D:2      | Found a hide-covered altar of Uskayaw.
  1270 | D:2      | Reached XP level 4. HP: 37/37 MP: 3/3
  1691 | D:2      | Reached skill level 1 in Armour
  1817 | D:3      | Slain by a gnoll

Skill      XL: |  1  2  3  4 |
---------------+-------------+-----
Dodging        | 3 |  3.4
Long Blades    | 3 |  3.4
Armour         | 1 |  1.0
Fighting       | |  2.9
Throwing       | |  1.7

Action                   |  1- 3 |  4- 6 || total
-------------------------+-------+-------++-------
Melee: Long sword        |   110 |    22 ||   132
  Use: Scroll            |     4 |       ||     4
  Eat: Chunk             |     5 |       ||     5
Armor: Leather armour    |    40 |     5 ||    45
Dodge: Dodged            |    95 |    19 ||   114
       Rpst.: Long sword |    32 |     7 ||    39
